 Dungeon Crawl Stone Soup version 0.20-a0-924-gfa95efa (webtiles) character file.

189 JeffiDaFish the Shield-Bearer (level 5, -9/33 HPs)
             Began as a Gargoyle Fighter on Mar 27, 2017.
             Mangled by an orc warrior
             ... wielding a +0 scimitar
              (15 damage)
             ... on level 3 of the Dungeon.
             The game lasted 00:03:27 (2234 turns).

JeffiDaFish the Shield-Bearer (Gargoyle Fighter)    Turns: 2234, Time: 00:03:28

Health: -9/33      AC: 15    Str: 20      XL:     5   Next: 68%
Magic:  5/5        EV:  5    Int:  7 (8)  God:
Gold:   210        SH:  9    Dex: 10      Spells: 4/4 levels left

rFire    . . .     SeeInvis .   a - +0 flail
rCold    . . .     Gourm    .   c - +0 shield
rNeg     + . .     Faith    .   i - +0 chain mail
rPois    ∞         Spirit   .   (no helmet)
rElec    +         Reflect  .   (no cloak)
rCorr    .         Harm     .   (no gloves)
MR       .....     Rnd*Rage +   (no boots)
Stlth    ..........             (no amulet)
Regen    0.2/turn               k - ring of flight
MPRegen  0.1/turn               (no ring)

@: exhausted, slowed, very slow
A: hooves 1, slimy green scales 1, berserk 2, negative energy resistance 1,
electricity resistance, unbreathing, petrification resistance, rot immunity, AC
+4
a: Evoke Flight


You were on level 3 of the Dungeon.
You were not hungry.

You visited 1 branch of the dungeon, and saw 3 of its levels.

You collected 210 gold pieces.

Inventory:

Hand Weapons
 a - a +0 flail (weapon)
Armour
 c - a +0 shield (worn)
 i - a +0 chain mail (worn)
Jewellery
 k - a ring of flight (left hand)
Scrolls
 b - 3 scrolls of remove curse
 e - 3 scrolls of teleportation
 g - a scroll of identify
 l - a scroll of fear
Potions
 d - a potion of might
 j - a potion of agility
Comestibles
 f - 2 bread rations
 h - 3 chunks of flesh


   Skills:
 + Level 3.7 Fighting
 + Level 3.4 Maces & Flails
 + Level 4.2 Armour
 + Level 0.8 Dodging
 + Level 4.7 Shields


You had 4 spell levels left.
You didn't know any spells.

Dungeon Overview and Level Annotations

Branches:
Dungeon (3/15)

Altars:
Elyvilon
Zin
The Shining One


Innate Abilities, Weirdness & Mutations

You are resistant to torment.
Your stone body is resilient. (AC +4)
You are immune to poison.
You resist negative energy. (rN+)
You are resistant to electric shocks. (rElec)
You can survive without breathing.
You are immune to petrification.
You are immune to rotting.
You have large cloven feet.
You are partially covered in slimy green scales. (AC +2)
You often lose your temper in combat.


Message History

The orc warrior hits you with a scimitar!
You hit the orc warrior.
The orc warrior is moderately wounded.
The orc warrior hits you with a scimitar.
The orc wizard looks encouraged for a moment.
Unknown command.
You are too injured to fight recklessly!
You are too injured to fight recklessly!
Unknown command.
You are too injured to fight recklessly!
You hit the orc warrior but do no damage.
The orc warrior is moderately wounded.
The orc warrior hits you with a scimitar!
* * * LOW HITPOINT WARNING * * *
The orc warrior closely misses you.
You hit the orc warrior.
You kick the orc warrior, but do no damage.
The orc warrior is heavily wounded.
The orc warrior hits you with a scimitar!
You die... #.# .## ...... #.#..# ###.#.. # ..So. #####.#### ooo

.......... #o#
#.#.#..... #@# #..
#####. #####.#####
#...#####.
#...'.'...#
#.#.......
#.###.###.#
#.#######. #.# #.#
#.# #.....
###+###.###'###.#
#.###.
+.............'.###.#
#.
###+###.###'###..##.#
#. #.# #[# #.....# #.


You could see an orc warrior, 2 orc wizards, an adder and 2 orcs.

Vanquished Creatures
  A phantom (D:3)
  5 adders
  A dart slug (D:3)
  3 leopard geckos
  3 orcs (D:3)
  A ball python (D:1)
  7 bats
  2 giant cockroaches
  5 goblins
  7 hobgoblins
  2 jackals (D:3)
  4 kobolds
  A quokka (D:2)
  2 frilled lizards (D:2)
  13 rats
57 creatures vanquished.

Notes
Turn   | Place    | Note
-------+----------+-------------------------------------------
     0 | D:1      | JeffiDaFish the Gargoyle Fighter began the quest for the Orb.
     0 | D:1      | Reached XP level 1. HP: 14/14 MP: 1/1
   162 | D:1      | Reached XP level 2. HP: 19/19 MP: 2/2
   818 | D:2      | Reached XP level 3. HP: 14/23 MP: 3/3
  1193 | D:2      | Found a glowing golden altar of the Shining One.
  1509 | D:2      | Gained mutation: You are partially covered in slimy green scales. (AC +2) [potion of mutation]
  1509 | D:2      | Gained mutation: You tend to lose your temper in combat. [potion of mutation]
  1509 | D:2      | Gained mutation: You often lose your temper in combat. [potion of mutation]
  1509 | D:2      | Gained mutation: You have large cloven feet. [potion of mutation]
  1549 | D:2      | Reached XP level 4. HP: 29/29 MP: 4/4
  1618 | D:2      | Found a white marble altar of Elyvilon.
  1686 | D:2      | Found a glowing silver altar of Zin.
  2168 | D:3      | Noticed a phantom
  2212 | D:3      | Killed a phantom
  2212 | D:3      | Reached XP level 5. HP: 33/33 MP: 5/5
  2227 | D:3      | Noticed an orc warrior
  2234 | D:3      | Mangled by an orc warrior

Vault maps used:
D:1:      scummos_arrival_hexagon, nrook_loot_triangle
D:2:      nicolae_overflow_crystal_walls, lemuel_coloured_pillars_altar,
          marbit_many_paths
D:3:      st_stairs_6, minmay_door_square

Skill      XL: |  1  2  3  4 |
---------------+-------------+-----
Shields        | 4 |  4.7
Maces & Flails | 3 |  3.4
Armour         | 4 |  4.2
Fighting       | |  3.7
Dodging        | |  0.8

Action                   |  1- 3 |  4- 6 || total
-------------------------+-------+-------++-------
Melee: Flail             |   160 |   128 ||   288
       Kick              |     1 |    24 ||    25
  Use: Scroll            |     5 |     1 ||     6
       Potion            |     4 |     1 ||     5
  Eat: Chunk             |     2 |     3 ||     5
Armor: Scale mail        |    39 |       ||    39
       Chain mail        |    66 |    73 ||   139
Dodge: Dodged            |    50 |    29 ||    79
Block: Shield            |   103 |    60 ||   163
